 Dungeon Crawl Stone Soup version 0.32-a0-799-g95e1662365 (webtiles) character file.

Game seed: 11273575971930736964

451 QueenGoddess the Trooper (level 7, -1/59 HPs)
             Began as a Human Cinder Acolyte on Mar 22, 2024.
             Was an Initiate of Ignis.
             Killed by an exploding gnoll bouda (4 damage)
             ... ignited by their inner flame
             ... on level 4 of the Dungeon.
             The game lasted 00:10:32 (642 turns).

QueenGoddess the Trooper (Human Cinder Acolyte)      Turns: 642, Time: 00:10:33

Health: -1/59      AC: 16    Str: 14    XL:     7   Next: 4%
Magic:  14/14      EV:  6    Int: 17    God:    Ignis [......]
Gold:   32         SH:  0    Dex:  8    Spells: 9/15 levels left

rFire   + . .        i - +0 long sword
rCold   . . .        (no shield)
rNeg    . . .        c - +0 chain mail
rPois   .            (no helmet)
rElec   .            (no cloak)
rCorr   .            (no gloves)
SInv    +            (no boots)
Will    .....        (no amulet) Stlth
                     d - ring of see invisible
HPRegen 0.29/turn    (no ring)
MPRegen 0.14/turn

%: no passive effects
@: fiery-armoured
A: explore regen
a: Renounce Religion


You were on level 4 of the Dungeon.
You worshipped Ignis.
Ignis was noncommittal.
You visited 1 branch of the dungeon, and saw 4 of its levels.

You collected 32 gold pieces.

Inventory:

Hand Weapons
 a - a -1 spear of flaming
 i - a +0 long sword (weapon)
Armour
 b - a +0 robe
 c - a +0 chain mail (worn)
Jewellery
 d - a ring of see invisible (left hand)


   Skills:
 + Level 6.8 Fighting
 + Level 4.8 Polearms
 + Level 5.1 Armour
 + Level 5.5 Stealth
 + Level 4.8 Spellcasting
 + Level 6.7 Fire Magic


You had 9 spell levels left.
You knew the following spells:

 Your Spells              Type           Power      Damage    Failure   Level
a - Scorch                Fire           54%        2d7       19%         2
b - Summon Blazeheart Go  Fire/Summ      15%        N/A       99%         4

Your spell library contained the following spells:

 Spells                   Type           Power      Damage    Failure   Level
 Summon Small Mammal      Summ           16%        N/A       90%         1
 Call Canine Familiar     Summ           4%         N/A       99%         3
 Olgreb's Toxic Radiance  Alch           4%         N/A       100%        4
 Ozocubu's Refrigeration  Ice            2%         4d7       100%        7
 Discord                  Hex            2%         N/A       100%        8


Dungeon Overview and Level Annotations

Branches:
Dungeon (4/15)
 Temple: D:4-7

Altars:


Innate Abilities, Weirdness & Mutations

You regain HP and MP as you explore.


Message History

Your attacks no longer feel as feeble.
The gnoll bouda nearly stumbles in trying to escape.
As you read the scroll labelled VOGYSH OMNOQ, it crumbles to dust.
The creatures around you are filled with an inner flame!
It was a scroll of immolation.
Cornered, the gnoll bouda turns to fight!
The gnoll bouda barks out a call to the hunt!
The gnoll picks up the pace!
You barely miss the gnoll bouda.
The gnoll bouda is heavily wounded.
The gnoll bouda hits you with a +0 whip.
The gnoll hits you but does no damage.
The gnoll bouda gazes fiercely through you!
You feel your attacks grow feeble.
The gnoll bouda hits you with a +0 whip.
Okay, then.
You barely miss the gnoll bouda.
The gnoll bouda is heavily wounded.
The gnoll hits you from afar with a +0 halberd!
The gnoll bouda barely misses you. The gnoll hits you but does no damage.
You are too injured to fight recklessly!
You are too injured to fight recklessly!
You hit the gnoll bouda but do no damage.
The gnoll bouda is heavily wounded.
The gnoll bouda completely misses you.
The gnoll hits you from afar with a +0 halberd.
* * * LOW HITPOINT WARNING * * *
The gnoll bouda hits you with a +0 whip.
* * * LOW HITPOINT WARNING * * *
You hit the gnoll bouda.
Flame seeps out of the gnoll bouda.
The gnoll bouda is almost dead.
Your attacks no longer feel as feeble.
The gnoll is no longer moving quickly.
The gnoll hits you from afar with a +0 halberd!
* * * LOW HITPOINT WARNING * * *
The gnoll bouda is engulfed in blazing flames.
The gnoll bouda explodes!
The fiery explosion engulfs you. You resist.
You die...
Ignis goes out, and joins you in death.

#.#.#.#
#.#.#.#
#.#.#.#
#.#.#.##
#.#.#..#
#.##.#
#.##.#
#.##.#
#.##@#
#.##○# #g#
#.#
##.#######
#.........
#..#######
#..#######.#
#....gggS..#


You could see a gnoll (inner flame).

Vanquished Creatures
  Sigmund (D:2)
  A gnoll bouda (D:4)
  Terence (D:2)
  5 gnolls
  2 dart slugs
  2 endoplasms
  A giant cockroach (D:2)
  2 goblins (D:2)
  A hobgoblin (D:2)
  4 jackals (D:2)
  A ball python (D:2)
  2 bats
  4 frilled lizards
  2 kobolds
  A rat (D:1)
30 creatures vanquished.

Vanquished Creatures (others)
  43 foxfires (D:2)
43 creatures vanquished.

Grand Total: 73 creatures vanquished

Notes
Turn   | Place    | Note
-------+----------+-------------------------------------------
     0 | D:1      | QueenGoddess the Human Cinder Acolyte began the quest for
                  | the Orb.
     0 | D:1      | Reached XP level 1. HP: 18/18 MP: 2/2
   170 | D:2      | Noticed Terence
   230 | D:2      | Killed Terence
   231 | D:2      | Reached XP level 2. HP: 23/24 MP: 3/3
   231 | D:2      | Reached XP level 3. HP: 28/29 MP: 4/4
   240 | D:2      | Learned a level 2 spell: Scorch
   260 | D:2      | Noticed Sigmund
   265 | D:2      | Killed Sigmund
   266 | D:2      | Reached XP level 4. HP: 37/37 MP: 5/5
   266 | D:2      | Reached XP level 5. HP: 42/42 MP: 6/6
   329 | D:2      | Reached skill level 5 in Armour
   329 | D:2      | Reached skill level 5 in Stealth
   329 | D:2      | Reached XP level 6. HP: 53/53 MP: 6/13
   470 | D:3      | Learned a level 4 spell: Summon Blazeheart Golem
   609 | D:4      | Reached XP level 7. HP: 45/59 MP: 14/14
   642 | D:4      | Killed by an exploding gnoll bouda... ignited by their
                  | inner flame

Illustrated notes

Levels and vault maps discovered:
D:1:      shiori_arrival_elements, layout_rooms, serial_bayou,
          serial_bayou_pond_d, serial_bayou_ford_a, serial_bayou_lagoon_a,
          serial_bayou_shore_b, skrybe_limestone_x
D:2:      layout_rooms, uniq_sigmund, uniq_terence
D:3:      wad_lake_hut, layout_loops_ring, grunt_ministairs_2, minivault_25
D:4:      layout_loops_ring, minmay_temple_entry_statues

Skill      XL: |  1  2  3  4  5 |
---------------+----------------+-----
Fighting       | 4 6 |  6.8
Polearms       | 4 |  4.8
Fire Magic     | 4 6 |  6.7
Armour         | 5 |  5.1
Stealth        | 5 |  5.5
Spellcasting   | 4 |  4.8

Action                     |  1- 3 |  4- 6 |  7- 9 || total
---------------------------+-------+-------+-------++-------
  Melee: Spear             |     9 |    10 |       ||    19
         Long sword        |       |    12 |     9 ||    21
 Invoke: Fiery Armour      |     4 |     2 |     1 ||     7
         Foxfire Swarm     |     2 |     2 |       ||     4
         Rising Flame      |     1 |       |       ||     1
    Use: Potion            |       |     3 |     1 ||     4
         Scroll            |       |     1 |     3 ||     4
 Armour: Chain mail        |     7 |    25 |    24 ||    56
  Dodge: Dodged            |     1 |     7 |     4 ||    12

Table legend: (Time is in decaauts)
 A = Elapsed time spent in this place.
 B = Non-inter-level travel time spent in this place.
 C = Inter-level travel time spent in this place.
 D = Time resting spent in this place.
 E = Time spent auto-exploring this place.
 F = Levels seen in this place.
 G = Mean time per level.
                   A        B        C        D        E       F      G
               +--------+--------+--------+--------+--------+-----+--------+
         Total |    666 |    214 |    452 |      0 |      0 |   4 |  166.5 |
       Dungeon |    666 |    214 |    452 |      0 |      0 |   4 |  166.5 |
               +--------+--------+--------+--------+--------+-----+--------+

Top non-repeatable levels by time:
     D:1: 243 daAuts
     D:2: 225 daAuts
     D:3: 118 daAuts
     D:4: 79 daAuts
